AoeStats
← owen!

Arabia

509463314Analyzed
1v1 RM · 4d ago on Sep 26, 2026· 33m 56s· 2 players
Game mode
Random Map
Map size
Tiny (2 player)
Population
200
Speed
Normal
Resources
Standard
Victory
Conquest
Starting age
Dark Age
Ending age
Imperial Age
RankedLock teamsTeams togetherTeam positionsShared explorationLock speedFull tech treeHidden civsTurbo modeCheats
Victory
Defeat
🇲🇽 Saxons · Mexico
565
+15
🇨🇦 Bohemians · Canada
536
-15
owen!
12:23 Feudal Age
13:42 Wheelbarrow
12:56 Double-Bit Axe
16:42 Horse Collar
18:47 Town Watch
23:18 Castle Age
23:45 Crossbowman
23:48 Pikeman
24:40 Fletching
24:51 Padded Archer Armor
26:07 Squires
27:45 Elite Skirmisher
31:30 Bodkin Arrow
meximanu
10:45 Loom
12:31 Feudal Age
17:07 Castle Age
18:40 Padded Archer Armor
18:58 Forging
18:46 Fletching
22:28 Scale Mail Armor
25:15 Bodkin Arrow
28:37 Iron Casting
32:30 Chain Mail Armor
32:15 Double-Bit Axe
Connection lost

Rejoining the realm…

Still unreachable

The connection could not be restored.

Session expired

The server has moved on; the page needs a fresh start.